Map: 2000 Atmosphären LE

Players

AIRKOS

  • Race: Protoss Protoss
  • League: Diamond
  • Spawn Location: 7:00

Chantal - Winner!

  • Race: Terran Terran
  • League: Diamond
  • Spawn Location: 3:00

VOD

Have the link to the VOD?

Description

Time

  • Played on: Jan. 29, 2022, 1:57 p.m.
  • Length: 7:22
Show
View Real Time Build Order
Export as new Build Order

AIRKOS Protoss 

Build Orders: Blink Stalkers, Dark Templar Rush 

Get SALT Encoding   

  12  0:01  Probe  
  13  0:14  Pylon  
  13  0:16  Probe (Chrono Boost)  
  14  0:26  Probe (Chrono Boost)  
  15  0:35  Gateway  
  15  0:39  Probe  
  16  0:46  Assimilator  
  16  0:52  Probe  
  17  1:04  Probe  
  18  1:15  Pylon  
  18  1:17  Probe (Chrono Boost)  
  19  1:27  Cybernetics Core  
  19  1:28  Probe (Chrono Boost)  
  19  1:30  Pylon  
  19  1:39  Probe  
  20  1:54  Nexus  
  20  1:58  Probe  
  21  2:05  Stalker (Chrono Boost)  
  21  2:08  Warp Gate  
  23  2:14  Assimilator  
  23  2:17  Probe  
  24  2:29  Probe  
  25  2:41  Twilight Council  
  26  2:44  Probe  
  26  2:51  Stalker  
  26  2:56  Probe  
  29  3:03  Pylon  
  27  3:08  Probe  
  27  3:12  Probe  
  29  3:15  Blink (Chrono Boost)  
  29  3:18  Gateway  
  29  3:23  Probe (Chrono Boost)  
  29  3:26  Probe (Chrono Boost)  
  32  3:35  Gateway  
  32  3:37  Probe (Chrono Boost)  
  32  3:48  Dark Shrine  
  32  3:58  Stalker  
  10  4:50  Stalker x2  
  10  5:15  Stalker  
  10  5:16  Zealot x2  
  15  5:28  Probe x2  
  17  5:35  Forge  
  17  5:40  Probe  
  17  5:41  Probe  
  14  6:16  Photon Cannon  
  10  6:23  Probe x2  
  12  6:27  Assimilator  
  12  6:29  Assimilator  
  12  6:36  Photon Cannon  
  11  6:50  Photon Cannon  
Show
View Real Time Build Order
Export as new Build Order

Chantal Terran - Winner!

Build Orders: 1/1/1, Widow Mine Drop 

Get SALT Encoding   

  12  0:00  SCV  
  13  0:12  SCV  
  14  0:17  Supply Depot  
  14  0:26  Refinery  
  14  0:28  SCV  
  15  0:40  Barracks  
  15  0:47  Refinery  
  15  0:54  SCV  
  16  1:06  SCV  
  17  1:18  SCV  
  18  1:30  SCV  
  19  1:35  Factory  
  19  1:36  Barracks Reactor  
  19  1:52  Orbital Command  
  19  2:20  Starport  
  19  2:27  Armory  
  19  2:29  Widow Mine  
  21  2:37  Supply Depot  
  21  2:42  Widow Mine  
  23  2:59  Medivac  
  23  3:00  Widow Mine  
  27  3:10  Widow Mine  
  29  3:18  Engineering Bay, SCV  
  30  3:21  Barracks Tech Lab  
  30  3:39  Concussive Shells  
  30  3:48  Barracks  
  28  4:25  SCV  
  29  4:37  SCV  
  30  4:43  Barracks Tech Lab  
  30  4:49  SCV  
  31  5:02  Missile Turret  
  31  5:09  Command Center  
  31  5:10  Supply Depot  
  31  5:11  Supply Depot  
  31  5:13  Supply Depot  
  31  5:14  Marauder, Medivac, Widow Mine x2  
  39  5:32  Marauder, Missile Turret, SCV  
  42  5:36  Supply Depot, Missile Turret  
  42  5:39  Stimpack  
  42  5:59  Marauder x2  
  46  6:17  Widow Mine x2  
  50  6:21  Marauder x2  
  54  6:35  Starport Reactor  
  54  6:44  Barracks  
  54  6:45  Barracks, Marauder  
  56  6:48  Barracks  
Tags
 
Add a new tag
Caveats
  • Supply blocks, unpowered buildings, or Contaminate may cause inaccurate times.
  • Supply counts are checked every 10 seconds.